[Event "ICC tourney 1994 (90 10)"]
[Site "Internet Chess Club"]
[Date "2020.09.06"]
[Round "3"]
[White "town"]
[Black "Openyagami"]
[Result "0-1"]
[ICCResult "White resigns"]
[WhiteElo "2152"]
[BlackElo "2621"]
[Opening "Sicilian: Labourdonnais-Löwenthal (Kalashnikov) variation"]
[ECO "B32"]
[NIC "SI.32"]
[Time "11:03:24"]
[TimeControl "5400+10"]

1. e4 c5 2. Nf3 Nc6 3. d4 cxd4 4. Nxd4 e5 5. Nb5 d6 6. N1c3 a6 7. Na3 b5 8.
Nd5 Nge7 9. c4 Nd4 10. Be3 Nxd5 11. cxd5 g6 12. Bxd4 exd4 13. Qxd4 Qa5+ 14.
Qc3 Qxc3+ 15. bxc3 Bg7 16. Rc1 Bd7 17. Bd3 Ke7 18. Ke2 Rhc8 19. Nb1 a5 20.
a3 Rc5 21. Rc2 Rac8 22. Rhc1 f5 23. f3 Be5 24. g3 f4 25. g4 h5 26. g5 h4 27.
Kf2 Kf7 28. Ke2 Bg7 29. Kf2 Bf8 30. Nd2 Bg7 31. Nb1 R5c7 32. Ke2 Ke7 33. Kf2
Rh8 34. Ke2 h3 35. Rg1 Rh5 36. Rb2 Rc5 37. Kd2 Kf7 38. Rb3 Bf8 39. a4 bxa4
40. Rb7 Ke7 41. Rg4 Ke8 42. Rg1 Bg7 43. e5 Rxd5 44. Kc2 Rxd3 45. Kxd3 Bxe5
46. Nd2 Rh7 47. Rb8+ Ke7 48. Ra8 Bf5+ 49. Ne4 Ke6 50. Rxa5 Rc7 51. Rxa4
Rxc3+ 52. Ke2 Bxe4 53. fxe4 Rc2+ 54. Kd1 Rxh2 55. Ra3 Rg2 56. Rh1 h2 57. Rh3
Rg1+ {White resigns} 0-1

[Event "ICC tourney 1994 (90 10)"]
[Site "Internet Chess Club"]
[Date "2020.09.06"]
[Round "3"]
[White "mopaska1106"]
[Black "shianen"]
[Result "0-1"]
[ICCResult "White checkmated"]
[WhiteElo "2021"]
[BlackElo "2217"]
[Opening "QGD Slav: 3.Nf3"]
[ECO "D11"]
[NIC "SL.01"]
[Time "11:03:37"]
[TimeControl "5400+10"]

1. d4 d5 2. c4 c6 3. Nf3 Nf6 4. g3 dxc4 5. Bg2 Nbd7 6. O-O b5 7. Ne5 Nxe5 8.
dxe5 Nd5 9. Nc3 e6 10. Qc2 a6 11. Ne4 Bb7 12. h4 h6 13. Kh2 Be7 14. b3 cxb3
15. axb3 O-O 16. Ba3 b4 17. Bb2 Rc8 18. Nd2 c5 19. Nc4 Qc7 20. e4 Nb6 21.
Ne3 Qc6 22. Rfc1 Rfd8 23. f4 c4 24. bxc4 Bc5 25. Nd5 exd5 26. exd5 Qe8 27.
Qe2 Na4 28. e6 Nxb2 29. exf7+ Kxf7 30. Qxb2 Rc7 31. Bh3 Bc8 32. Bxc8 Rdxc8
33. Rxa6 Re7 34. Rc2 Re1 35. Rg2 Qd7 36. Qc2 Rh1+ 37. Kxh1 Qh3+ 38. Rh2 Qf1#
{White checkmated}
0-1

[Event "ICC tourney 1994 (90 10)"]
[Site "Internet Chess Club"]
[Date "2020.09.06"]
[Round "3"]
[White "kingcaleb"]
[Black "SilverDuck"]
[Result "1/2-1/2"]
[ICCResult "Game drawn by mutual agreement"]
[WhiteElo "2094"]
[BlackElo "1998"]
[Opening "French: advance, Milner-Barry gambit"]
[ECO "B40"]
[NIC "SI.43"]
[Time "11:03:44"]
[TimeControl "5400+10"]

1. e4 c5 2. Nf3 e6 3. c3 Nc6 4. d4 d5 5. e5 Qb6 6. Bd3 Bd7 7. dxc5 Bxc5 8.
O-O Qc7 9. b4 Bb6 10. Qe2 a6 11. a4 Nge7 12. Ba3 Ng6 13. Bxg6 hxg6 14. b5
axb5 15. axb5 Na5 16. Nbd2 f6 17. Bd6 Qc8 18. Rfe1 Bc5 19. Bxc5 Qxc5 20.
exf6 gxf6 21. Nd4 e5 22. N4b3 Qc7 23. Nxa5 Rxa5 24. Rxa5 Qxa5 25. Qd3 Bf5
26. Qxd5 Qxc3 27. Re3 Qc1+ 28. Nf1 Qc7 29. h3 Ke7 30. f4 Be6 31. Qe4 Bf5 32.
Qb4+ Qd6 33. Qb2 e4 34. Qa3 Qxa3 35. Rxa3 Bd7 36. Rb3 Rc8 37. Ne3 Rc5 38. b6
f5 39. Kf2 Kd6 40. g4 Kc6 41. g5 Be6 42. Ra3 Kxb6 43. Ra8 Kc7 44. h4 Kd6 45.
h5 gxh5 46. g6 Rc7 47. Rh8 Rg7 48. Rxh5 Rxg6 49. Nxf5+ Bxf5
{Game drawn by mutual agreement}
1/2-1/2

[Event "ICC tourney 1994 (90 10)"]
[Site "Internet Chess Club"]
[Date "2020.09.06"]
[Round "3"]
[White "musk6868"]
[Black "kapilank"]
[Result "1-0"]
[ICCResult "Black resigns"]
[WhiteElo "2051"]
[BlackElo "1897"]
[Opening "Sicilian: dragon, Yugoslav attack, Rauser variation"]
[ECO "B76"]
[NIC "SI.17"]
[Time "11:04:18"]
[TimeControl "5400+10"]

1. e4 c5 2. Nf3 d6 3. d4 cxd4 4. Nxd4 Nf6 5. Nc3 g6 6. Be3 Bg7 7. f3 O-O 8.
Qd2 Nc6 9. O-O-O d5 10. Nxc6 bxc6 11. exd5 cxd5 12. Nxd5 Nxd5 13. Qxd5 Qc7
14. Qxa8 Bf5 15. Qxf8+ Kxf8 16. Bc4 Kg8 17. Bb3 h6 18. Rd2 g5 19. Rhd1 Bf6
20. h3 Kg7 21. Bd4 Bxd4 22. Rxd4 Qg3 23. R4d2 h5 24. c3 g4 25. hxg4 hxg4 26.
fxg4 Bxg4 27. Rf1 f6 28. Bd1 Be6 29. Rf3 Qg5 30. b3 Bd5 31. Rf2 Qe3 32. Kb2
Qg5 33. Bf3 Bxf3 34. gxf3 Kf7 35. Rd3 Qf5 36. Rfd2 a6 37. c4 Qe5+ 38. Rc3
Qe1 39. Rdc2 Ke6 40. Rd3 Qe5+ 41. Rcc3 Qh2+ 42. Kb1 Qg1+ 43. Kc2 Qa1 44. a4
Qa2+ 45. Kd1 Qb1+ 46. Kd2 Qf1 47. c5 Qf2+ 48. Kc1 Qe1+ 49. Kc2 Qf2+ 50. Rd2
Qg3 51. c6 Qc7 52. Rd7 Qh2+ 53. Kb1 Qg1+ 54. Kb2 Qh2+ 55. Rc2 Qe5+ 56. Ka2
Qf5 57. Re2+ Kf7 58. Rdxe7+ Kg6 59. Rg2+ Kh6 60. Re8 Kh7 61. c7 Qh3 62. Rc2
{Black resigns}
1-0

[Event "ICC tourney 1994 (90 10)"]
[Site "Internet Chess Club"]
[Date "2020.09.06"]
[Round "3"]
[White "gmRohde"]
[Black "apapneja"]
[Result "1-0"]
[ICCResult "Black resigns"]
[WhiteElo "2471"]
[BlackElo "2000"]
[Opening "QGD semi-Slav: 5...Nd7"]
[ECO "D45"]
[NIC "SL.08"]
[Time "11:03:57"]
[TimeControl "5400+10"]

1. Nf3 d5 2. c4 c6 3. e3 Nf6 4. Nc3 e6 5. d4 Nbd7 6. a3 Bd6 7. Bd3 dxc4 8.
Bxc4 b5 9. Ba2 O-O 10. O-O Bb7 11. h3 a5 12. e4 b4 13. e5 bxc3 14. bxc3 Be7
15. exf6 Bxf6 16. Rb1 Ba6 17. Re1 Nb6 18. Ne5 Rc8 19. Qf3 Nd5 20. Ng4 Be7
21. c4 Nf6 22. Ne5 Qxd4 23. Nxc6 Qc5 24. Nxe7+ Qxe7 25. Bg5 h6 26. Bh4 Rc7
27. Bg3 Rc5 28. Rb6 Qa7 29. Reb1 Nd7 30. R6b2 Rfc8 31. Rb7 Bxb7 32. Rxb7 Qa8
33. Rxd7 Qxf3 34. gxf3 e5 35. Bb1 Rxc4 36. Be4 R4c7 37. Rxc7 Rxc7 38. Bxe5
Rc4 39. Kf1 Kf8 40. Ke2 f6 41. Kd3 Rc1 42. Bc3 Rh1 43. Bf5 g6 44. Bxg6 Rxh3
45. Ke3 Rh4 46. Bxa5 Ra4 47. Bb4+ Kg7 48. Bh5 f5 49. f4 Kf6 50. Kd4 Ke6 51.
Bf3 Ra7 52. Kc4 Rh7 53. Bh5 Ra7 54. Kb5 Kd5 55. Bf3+ Kd4 56. Bc5+
{Black resigns}
1-0

[Event "ICC tourney 1994 (90 10)"]
[Site "Internet Chess Club"]
[Date "2020.09.06"]
[Round "3"]
[White "blueeagle405"]
[Black "RagingKnightNC"]
[Result "0-1"]
[ICCResult "White forfeits on time"]
[WhiteElo "1986"]
[BlackElo "2108"]
[Opening "King's Indian: orthodox, Aronin-Taimanov, bayonet attack"]
[ECO "E97"]
[NIC "KI.05"]
[Time "11:03:41"]
[TimeControl "5400+10"]

1. d4 Nf6 2. c4 g6 3. Nc3 Bg7 4. e4 d6 5. Nf3 O-O 6. Be2 e5 7. O-O Nc6 8. d5
Ne7 9. b4 a5 10. Ba3 b6 11. bxa5 Nd7 12. axb6 Rxa3 13. Nb5 Ra6 14. bxc7 Qe8
15. Ne1 Nc5 16. Nd3 Nxe4 17. f3 Nc5 18. Nxd6 Rxd6 19. Nxc5 Bf5 20. Ne4 Bxe4
21. fxe4 Bh6 22. Qb3 Qa8 23. Qb4 Qa7+ 24. Kh1 Qxc7 25. c5 Rd7 26. d6 Nc6 27.
Qa4 Qc8 28. Rab1 Ra7 29. Qc4 Nd4 30. Bd3 Ra5 31. Rfc1 Bxc1 32. Rxc1 Qc6 33.
Qd5 Rc8 34. d7 Rd8 35. Qxe5 Rxd7 36. Qe8+ Kg7 37. Qe5+ Qf6 38. Qe8 Rd8 39.
e5 Qg5 {White forfeits on time} 0-1

[Event "ICC tourney 1994 (90 10)"]
[Site "Internet Chess Club"]
[Date "2020.09.06"]
[Round "3"]
[White "hushboy"]
[Black "joeandjoe56"]
[Result "1-0"]
[ICCResult "Black resigns"]
[WhiteElo "1929"]
[BlackElo "1805"]
[Opening "Grünfeld: exchange, Spassky variation"]
[ECO "D87"]
[NIC "GI.05"]
[Time "11:03:36"]
[TimeControl "5400+10"]

1. d4 Nf6 2. c4 g6 3. Nc3 d5 4. cxd5 Nxd5 5. e4 Nxc3 6. bxc3 Bg7 7. Bc4 c5
8. Ne2 O-O 9. O-O Nc6 10. Be3 Qa5 11. Qb3 Qc7 12. Qb2 Rd8 13. Rfd1 Na5 14.
Bd3 Be6 15. Nf4 Bc4 16. Bxc4 Nxc4 17. Qe2 Nxe3 18. fxe3 cxd4 19. cxd4 Rac8
20. Rac1 Qd7 21. e5 Rxc1 22. Rxc1 e6 23. Qc4 Bf8 24. Qc7 Be7 25. Kf2 Bg5 26.
Qxd7 Rxd7 27. Rc8+ Rd8 28. Rxd8+ Bxd8 29. Nd3 Kf8 30. Nc5 b5 31. Ke2 Ke7 32.
Ne4 a6 33. g4 h6 34. Kd3 Ba5 35. Nc5 Be1 36. Nxa6 Kd7 37. Nc5+ Kc6 38. Ne4
Bb4 39. Nf6 Be7 40. e4 Bf8 41. d5+ exd5 42. exd5+ Kc7 43. d6+ Kc6 44. Kd4
Bg7 45. Ne4 Bf8 46. Nc3 h5 47. g5 h4 48. h3 Kb6 49. Kd5 b4 50. Na4+ Kb5 51.
Nc5 Kb6 52. Nd7+ {Black resigns} 1-0

[Event "ICC tourney 1994 (90 10)"]
[Site "Internet Chess Club"]
[Date "2020.09.06"]
[Round "3"]
[White "infiniteshug"]
[Black "Kyle2007"]
[Result "0-1"]
[ICCResult "White resigns"]
[WhiteElo "2156"]
[BlackElo "2027"]
[Opening "Sicilian: Hungarian variation"]
[ECO "B27"]
[NIC "SI.43"]
[Time "11:04:05"]
[TimeControl "5400+10"]

1. e4 c5 2. Nf3 g6 3. c3 Bg7 4. d4 cxd4 5. cxd4 d5 6. e5 Bg4 7. Nc3 Nc6 8.
Be2 Bxf3 9. Bxf3 e6 10. h4 Qb6 11. Ne2 Nge7 12. b3 Nf5 13. Bb2 h5 14. g3 a5
15. Kf1 a4 16. Kg2 axb3 17. axb3 Rxa1 18. Qxa1 Qxb3 19. Rb1 Qb6 20. Ba3 Qa7
21. Qb2 Nfxd4 22. Bd6 Nf5 23. Ra1 Qxa1 24. Qxa1 Nxd6 25. Qa8+ Kd7 26. Qa3
Bxe5 27. Nc3 Bxc3 28. Qxc3 Rb8 29. g4 hxg4 30. Bxg4 b5 31. Qd3 Ne5 32. Qd4
Nxg4 33. Qxg4 b4 34. Qd4 b3 35. Qb2 Rb7 36. Kh3 Ke7 37. h5 Nc4 38. Qg7 b2
39. hxg6 b1=Q 40. Qxf7+ Kd6 41. Qf8+ Ke5 42. Qh8+ Ke4 43. Qh4+ Kd3 44. Qg3+
Kc2 {White resigns} 0-1

[Event "ICC tourney 1994 (90 10)"]
[Site "Internet Chess Club"]
[Date "2020.09.06"]
[Round "3"]
[White "Aniketshukla"]
[Black "investigator"]
[Result "0-1"]
[ICCResult "White resigns"]
[WhiteElo "1997"]
[BlackElo "2133"]
[Opening "Pirc defense"]
[ECO "B07"]
[NIC "PU.07"]
[Time "11:03:56"]
[TimeControl "5400+10"]

1. e4 d6 2. d4 Nf6 3. Nc3 g6 4. h3 Bg7 5. Be3 a6 6. a3 O-O 7. Nf3 b5 8. Bd3
Nbd7 9. Qd2 c5 10. d5 e6 11. Bg5 exd5 12. Nxd5 Bb7 13. Nxf6+ Bxf6 14. c3 Re8
15. O-O-O b4 16. Bxf6 Nxf6 17. cxb4 Bxe4 18. bxc5 Rc8 19. Kb1 Rxc5 20. Ka1
Qb8 21. h4 Qb3 22. Nd4 Qxd3 23. Qxd3 Bxd3 24. Rxd3 Ng4 25. Rf1 Rce5 26. Rd2
f5 27. Rc1 Rd5 28. Rcc2 Nxf2 29. Rxf2 Rxd4 30. Rc6 a5 31. Ra6 a4 32. Rc2 Re7
33. h5 gxh5 34. Ka2 Rb7 35. Rf2 f4 36. Ra5 d5 37. Rc5 Kg7 38. Rc6 h4 39. Re2
Re4 40. Rd2 Re3 41. Rc5 d4 42. Rc4 h3 43. gxh3 Rxh3 44. Rcxd4 Rf7 45. Rxa4
Rg3 46. Rf2 f3 47. Rd4 h5 48. Rd3 h4 49. a4 Rf5 50. Ka3 Rg2 51. Rdd2 h3 52.
Kb4 Kf7 53. a5 h2 54. Rxf3 Rxf3 55. Rd7+ Ke6 56. Rh7 Rxb2+ 57. Kc5 Rf5+ 58.
Kd4 Rxa5 59. Kc3 Rg2 60. Rh6+ Kf7 61. Kb4 Ra1 62. Rh3 h1=Q 63. Rxh1 Rxh1
{White resigns}
0-1

[Event "ICC tourney 1994 (90 10)"]
[Site "Internet Chess Club"]
[Date "2020.09.06"]
[Round "3"]
[White "SkyAngel"]
[Black "tcao"]
[Result "1-0"]
[ICCResult "Black resigns"]
[WhiteElo "2166"]
[BlackElo "1845"]
[Opening "French defense"]
[ECO "C11"]
[NIC "FR.05"]
[Time "11:04:18"]
[TimeControl "5400+10"]

1. e4 e6 2. d4 d5 3. Nc3 Nf6 4. Bg5 h6 5. Bxf6 Qxf6 6. exd5 c6 7. dxc6 Nxc6
8. Nf3 Be7 9. Ne4 Qf4 10. Bd3 O-O 11. c3 b6 12. O-O Bb7 13. Qe2 Rfd8 14.
Rad1 Bf8 15. Rfe1 g6 16. Qe3 Qxe3 17. fxe3 Be7 18. Ng3 Rac8 19. e4 Na5 20.
Rf1 Rf8 21. Ne5 Rcd8 22. Rf2 Nc6 23. Ng4 Bh4 24. Nxh6+ Kg7 25. Ng4 f5 26.
exf5 exf5 27. Ne3 Ne7 28. Rdf1 Bg5 29. Nc2 Nd5 30. Re1 Rfe8 31. Rxe8 Rxe8
32. Re2 Rd8 33. Re1 Bd2 34. Rd1 Bg5 35. Ne2 Ne3 36. Nxe3 Bxe3+ 37. Kf1 Rh8
38. h3 f4 39. Ng1 f3 40. Nxf3 Bxf3 41. gxf3 Rxh3 42. Kg2 Rh5 43. Re1 Rg5+
44. Kf1 Rg1+ 45. Ke2 Rxe1+ 46. Kxe1 Kf6 47. Ke2 Bf4 48. Be4 a5 49. Kd3 g5
50. Kc4 Ke7 51. b4 axb4 52. cxb4 Kd6 53. a4 Bd2 54. Kb5 Kc7 55. d5 Be3 56.
Ka6 Bd2 57. d6+ Kxd6 58. Kxb6 Bxb4 59. a5 Bc3 60. a6 Bd4+ 61. Kb7 Ke5 62.
Bg6 Kf4 63. Bh5 Be3 64. a7 Bxa7 65. Kxa7 Ke5 66. Kb6 Kd6 67. Bg4 Kd5 68. Kc7
Kc5 69. Kd7 Kd5 70. Ke7 Ke5 71. Kf7 {Black resigns} 1-0

[Event "ICC tourney 1994 (90 10)"]
[Site "Internet Chess Club"]
[Date "2020.09.06"]
[Round "3"]
[White "Yucheng"]
[Black "jy2020"]
[Result "1-0"]
[ICCResult "Black resigns"]
[WhiteElo "1927"]
[BlackElo "2214"]
[Opening "QGD: 6.Nf3"]
[ECO "D55"]
[NIC "QO.13"]
[Time "11:03:22"]
[TimeControl "5400+10"]

1. d4 Nf6 2. c4 e6 3. Nc3 d5 4. Bg5 Be7 5. Nf3 O-O 6. e3 b6 7. cxd5 exd5 8.
Rc1 a6 9. Bd3 Bb7 10. O-O Nbd7 11. Bb1 Rc8 12. Bf5 g6 13. Bh3 Ne4 14. Bh6
Nxc3 15. Rxc3 Re8 16. Ne5 f5 17. Bf4 Bd6 18. Nxd7 Qxd7 19. Bxd6 Qxd6 20. g3
Rf8 21. Qc2 Rf7 22. Rc1 Kh8 23. Qb3 Re8 24. Qa3 Qd8 25. Bf1 a5 26. Bb5 Re6
27. Qb3 Rd6 28. Qc2 c5 29. dxc5 bxc5 30. Rxc5 Qf6 31. Rc7 Rb6 32. Rxf7 Qxf7
33. Qc3+ Kg8 34. a4 Re6 35. Qxa5 Re7 36. Qc3 g5 37. a5 Qe6 38. Qd4 Rf7 39.
a6 Ba8 40. Qc5 Qe4 41. Qd4 Qe6 42. a7 f4 43. exf4 gxf4 44. Qc5 Qe4 45. Qc8+
Rf8 46. Qg4+ Kh8 47. Rc8 Qe1+ 48. Bf1 Qb4 49. Rxf8+ Qxf8 50. Qxf4 Qxf4 51.
gxf4 Kg7 52. f3 Kf6 53. Kf2 Ke6 54. Ke3 Kf5 55. Bd3+ Ke6 56. Bxh7 Kd6 57.
Kd4 Bb7 58. Bg8 Ba8 59. h4 {Black resigns} 1-0

[Event "ICC tourney 1994 (90 10)"]
[Site "Internet Chess Club"]
[Date "2020.09.06"]
[Round "3"]
[White "tangent"]
[Black "chessrani"]
[Result "1-0"]
[ICCResult "Black resigns"]
[WhiteElo "2307"]
[BlackElo "2008"]
[Opening "QGD Slav: 3.Nf3"]
[ECO "D11"]
[NIC "SL.01"]
[Time "11:03:37"]
[TimeControl "5400+10"]

1. d4 d5 2. c4 c6 3. Nf3 Nf6 4. Qb3 e6 5. Nc3 Nbd7 6. g3 Bd6 7. Bg2 O-O 8.
O-O dxc4 9. Qxc4 e5 10. Rd1 Qc7 11. e4 exd4 12. Nxd4 Ne5 13. Qe2 Rd8 14. h3
Ng6 15. Be3 Bc5 16. Rac1 Qe7 17. Kh2 Nf8 18. Nxc6 bxc6 19. Bxc5 Qc7 20. Rxd8
Qxd8 21. Rd1 Qe8 22. e5 Nd5 23. Nxd5 cxd5 24. Bxd5 Rb8 25. Bxa7 Rb5 26. f4
Qd7 27. e6 fxe6 28. Bf3 Qe8 29. Bd4 Bb7 30. Bxb7 Rxb7 31. Re1 Qa4 32. Bc3
Qxa2 33. Qe5 Qb3 34. h4 Qc2+ 35. Re2 Qd3 36. h5 Re7 37. Bb4 Nd7 38. Qe3 Qxe3
39. Rxe3 Re8 40. Bc3 Kf7 41. Rd3 Nc5 42. Rd6 Rc8 43. Be5 Ke7 44. Rb6 Nd7 45.
Rb7 g6 46. h6 Rc2+ 47. Kh3 Rc1 48. g4 Rh1+ 49. Kg2 Rxh6 50. Bf6+ Kd6 51. Bg5
Nc5 52. Rb4 {Black resigns} 1-0

[Event "ICC tourney 1994 (90 10)"]
[Site "Internet Chess Club"]
[Date "2020.09.06"]
[Round "3"]
[White "Chessking2008"]
[Black "xyzchessdude"]
[Result "1/2-1/2"]
[ICCResult "Game drawn by mutual agreement"]
[WhiteElo "2177"]
[BlackElo "2063"]
[Opening "English: symmetrical variation"]
[ECO "A32"]
[NIC "EO.64"]
[Time "11:03:35"]
[TimeControl "5400+10"]

1. c4 c5 2. Nf3 Nf6 3. Nc3 e6 4. d4 cxd4 5. Nxd4 a6 6. a3 b6 7. e4 d6 8. Be2
Bb7 9. f3 Be7 10. O-O O-O 11. Be3 Nbd7 12. Qd2 Qc7 13. Rac1 Rac8 14. b3 Qb8
15. b4 Bd8 16. Bf2 Bc7 17. Kh1 Rfe8 18. Rfd1 d5 19. cxd5 exd5 20. Nxd5 Nxd5
21. exd5 Bxh2 22. Rxc8 Bxc8 23. Bd3 Bf4 24. Qc2 Nf6 25. Bf5 Bb7 26. Nc6 Qc7
27. Be4 Nxe4 28. fxe4 Rc8 29. Rd3 Bxc6 30. dxc6 h6 31. a4 b5 32. axb5 axb5
33. Rd5 Ra8 34. Qc3 Ra6 35. Rxb5 Rxc6 36. Rc5 Rxc5 37. bxc5 Qd8 38. g3 Bc7
39. Kg2 Qe8 40. Qc4 Qe5 41. Qd5 h5 42. c6 Qe7 43. Bc5 Qe6 44. Qxe6 fxe6 45.
e5 Bxe5 46. Bb6 Kf7 47. c7 Bxc7 48. Bxc7 Kf6 49. Kh3 g5 50. Ba5 Kf5 51. Bd2
e5 52. Bc1 e4 53. Bd2 Kg6 54. Be1 Kf5 55. Bf2 Kg6
{Game drawn by mutual agreement}
1/2-1/2

[Event "ICC tourney 1994 (90 10)"]
[Site "Internet Chess Club"]
[Date "2020.09.06"]
[Round "3"]
[White "vedrau"]
[Black "justinchess"]
[Result "0-1"]
[ICCResult "White resigns"]
[WhiteElo "2012"]
[BlackElo "2393"]
[Opening "Sicilian: Najdorf, Adams attack"]
[ECO "B90"]
[NIC "SI.14"]
[Time "11:04:08"]
[TimeControl "5400+10"]

1. e4 c5 2. Nf3 d6 3. d4 Nf6 4. Nc3 cxd4 5. Nxd4 a6 6. h3 e5 7. Nde2 h5 8.
Bg5 Be6 9. g3 Nbd7 10. Bg2 Be7 11. O-O b5 12. f4 Rc8 13. Nd5 Bxd5 14. exd5
Qb6+ 15. Kh1 Ng4 16. Bxe7 Kxe7 17. fxe5 Ndxe5 18. Qd4 Qxd4 19. Nxd4 Ne3 20.
Rf2 g6 21. Re1 Nxg2 22. Kxg2 Rhe8 23. Nc6+ Kf8 24. Ref1 Rc7 25. Nd4 Kg7 26.
Rf6 Nc4 27. R1f2 Rd7 28. b3 Ne3+ 29. Kh2 Re4 30. R6f4 Rxf4 31. Rxf4 Nxd5 32.
Rf3 Re7 33. a3 Re1 34. Kg2 Rd1 35. Rd3 Rxd3 36. cxd3 f5 37. Kf3 Kf6 38. h4
Nc7 39. Nc6 Ke6 40. Kf4 Kd7 41. Nb8+ Kc8 42. Nc6 Ne6+ 43. Ke3 Kc7 44. Ne7
Nf8 45. Kd4 Kd7 46. Nd5 Ne6+ 47. Ke3 a5 48. b4 axb4 49. axb4 Ke8 50. Kf3 Kf7
51. Ke3 Kg7 52. Kf3 Kh6 53. Ne7 Nd4+ 54. Kf4 Nc2 55. Nd5 Kg7 56. Kf3 Kf7 57.
Kf4 Nd4 58. Ke3 Ne6 59. Kf3 Nd4+ 60. Ke3 Nc6 61. Kf3 Ke6 62. Nc7+ Ke5 63.
Nxb5 Nxb4 64. d4+ Kd5 65. Kf4 Nc2 66. Kg5 Nxd4 67. Nxd6 Kxd6 68. Kxg6 Ke5
69. Kg5 Ne2 70. Kxh5 Nxg3+ 71. Kg5 Ke4 72. h5 Nxh5 {White resigns} 0-1

[Event "ICC tourney 1994 (90 10)"]
[Site "Internet Chess Club"]
[Date "2020.09.06"]
[Round "3"]
[White "Gfprasanna"]
[Black "sushi96"]
[Result "1-0"]
[ICCResult "Black resigns"]
[WhiteElo "2125"]
[BlackElo "1972"]
[Opening "Sicilian: Alapin's variation (2.c3)"]
[ECO "B22"]
[NIC "SI.47"]
[Time "11:03:34"]
[TimeControl "5400+10"]

1. e4 c5 2. c3 Nf6 3. e5 Nd5 4. d4 cxd4 5. cxd4 e6 6. Bc4 d6 7. Nf3 Nc6 8.
exd6 Bxd6 9. O-O O-O 10. Nc3 Be7 11. Bb3 Bf6 12. h3 b6 13. Re1 Bb7 14. Nxd5
exd5 15. Bf4 Na5 16. Bc2 Bc8 17. b3 Be6 18. Qd3 g6 19. Qd2 Rc8 20. Rac1 Nb7
21. Ng5 Bd7 22. Nf3 Be6 23. Bd3 Nd6 24. Rxc8 Bxc8 25. Ne5 Bf5 26. Nc6 Qd7
27. Ne5 Qd8 28. Bxf5 Nxf5 29. Nf3 Re8 30. Be5 Bg7 31. Bxg7 Kxg7 32. g4 Nd6
33. Rxe8 Qxe8 34. Qf4 Ne4 35. g5 f6 36. gxf6+ Nxf6 37. Ne5 Qe6 38. Kh2 Ne4
39. Ng4 Qf5 40. Qc7+ Qf7 41. Qe5+ Nf6 42. Kg2 h5 43. Nxf6 Qxf6 44. Qxd5 Kh6
45. Qe5 Qd8 46. d5 h4 47. d6 Qa8+ 48. Kg1 Qc6 49. Qe3+ Kh5 50. Qd4 Qd7 51.
Qg4+ {Black resigns} 1-0

[Event "ICC tourney 1994 (90 10)"]
[Site "Internet Chess Club"]
[Date "2020.09.06"]
[Round "3"]
[White "dopolian"]
[Black "OneEverest"]
[Result "1-0"]
[ICCResult "Black resigns"]
[WhiteElo "2363"]
[BlackElo "2024"]
[Opening "Réti: Nimzovich-Larsen attack"]
[ECO "A06"]
[NIC "QP.09"]
[Time "11:03:22"]
[TimeControl "5400+10"]

1. Nf3 d5 2. b3 Nf6 3. Bb2 Bf5 4. e3 h6 5. d4 e6 6. Bd3 Bd6 7. Bxf5 exf5 8.
O-O O-O 9. Ne5 Qc8 10. c4 c6 11. cxd5 cxd5 12. Nc3 Qe6 13. Ne2 Nbd7 14. Nf4
Qe7 15. Ned3 Rac8 16. Rc1 Ba3 17. Qd2 Bxb2 18. Qxb2 Qd6 19. Qd2 Qb6 20. f3
a5 21. Nb2 Qa6 22. Na4 b6 23. Nc3 Qb7 24. a4 Nb8 25. Nb5 Qd7 26. Nd3 Na6 27.
Ne5 Qe6 28. Na7 Rxc1 29. Rxc1 Nb8 30. Kf2 Nfd7 31. Nd3 Qd6 32. g3 Na6 33.
Rc6 Qb8 34. Nb5 Rd8 35. Qc1 Nf6 36. Nc7 Nxc7 37. Rxc7 Ne8 38. Rc6 Qb7 39.
Ne5 f6 40. Ng6 Kf7 41. Nf4 Rd6 42. Rc8 g5 43. Ne2 Rd7 44. Qc6 Qxc6 45. Rxc6
Rd6 46. Rc8 Ke7 47. Ke1 Rd8 48. Rc1 Kd7 49. Kd2 Rc8 50. Nc3 Ke6 51. h4 Nd6
52. Rf1 Rc7 53. Kd3 Rf7 54. Ne2 Rc7 55. Rh1 Rc8 56. hxg5 hxg5 57. Rh7 Rc6
58. Nc3 Rc8 59. Ra7 Rh8 60. Ra6 Rb8 61. Ra7 Rh8 62. Rc7 Rc8 63. Rh7 Rb8 64.
Nb5 Nxb5 65. axb5 Kd6 66. Rf7 Ke6 67. Rc7 Rd8 68. Rb7 Rd6 69. f4 {Black
resigns} 1-0

[Event "ICC tourney 1994 (90 10)"]
[Site "Internet Chess Club"]
[Date "2020.09.06"]
[Round "3"]
[White "esrosenberg"]
[Black "canary2016"]
[Result "1/2-1/2"]
[ICCResult "Game drawn by mutual agreement"]
[WhiteElo "2213"]
[BlackElo "2013"]
[Opening "QGD: Cambridge Springs defense, Rubinstein variation"]
[ECO "D52"]
[NIC "QO.15"]
[Time "11:03:24"]
[TimeControl "5400+10"]

1. Nf3 d5 2. c4 c6 3. d4 Nf6 4. Nc3 e6 5. Bg5 Nbd7 6. e3 Qa5 7. Nd2 dxc4 8.
Bxf6 Nxf6 9. Nxc4 Qc7 10. Rc1 Be7 11. Bd3 O-O 12. O-O Rd8 13. Ne5 Bd7 14.
Qf3 Be8 15. Ne4 Nxe4 16. Bxe4 Bd6 17. Nc4 Bxh2+ 18. Kh1 Bd6 19. g3 Bf8 20.
Kg2 g6 21. Rh1 Bg7 22. b4 Rac8 23. g4 h6 24. Ne5 Qd6 25. Rc5 b6 26. Bxc6 Qe7
27. Bxe8 Rxe8 28. Rxc8 Rxc8 29. b5 Bxe5 30. dxe5 Qg5 31. Rd1 Qxe5 32. Rd7
Rf8 33. a4 Qb8 34. Rb7 Qa8 35. Rxf7 Qxf3+ 36. Rxf3 Rxf3 37. Kxf3 Kf7 38. Ke4
Kf6 39. f4 h5 40. g5+ Kf7 41. Ke5 Ke7 42. Kd4 Kd6 43. e4 Ke7 44. Ke3 Kf7 45.
Kf3 Ke7 46. Kg3 Kf7 47. Kh4 Kg7 48. f5 exf5 49. exf5 Kf7 50. f6 Ke6 51. Kh3
Kf7 52. Kg3 Ke6 53. Kf4 Kd6 54. Kf3 Ke6 55. Ke4 Kd6 56. Kf3 Ke6
{Game drawn by mutual agreement}
1/2-1/2

[Event "ICC tourney 1994 (90 10)"]
[Site "Internet Chess Club"]
[Date "2020.09.06"]
[Round "4"]
[White "BirchRun"]
[Black "Aniketshukla"]
[Result "1/2-1/2"]
[ICCResult "Game drawn by mutual agreement"]
[WhiteElo "1901"]
[BlackElo "2003"]
[Opening "Queen's pawn, Mason variation"]
[ECO "D00"]
[NIC "QP.08"]
[Time "15:31:43"]
[TimeControl "5400+10"]

1. d4 d5 2. Bf4 Nf6 3. e3 c5 4. c3 Nc6 5. Nd2 Bf5 6. Qa4 Qb6 7. Bb5 e6 8.
Ngf3 Be7 9. Ne5 Rc8 10. O-O O-O 11. dxc5 Bxc5 12. Bxc6 bxc6 13. Nb3 Be7 14.
Nd4 c5 15. Nxf5 exf5 16. Nd7 Nxd7 17. Qxd7 Qe6 18. Qxa7 g5 19. Bg3 f4 20.
exf4 Ra8 21. f5 Rxa7 22. fxe6 fxe6 23. Rfe1 Ra6 24. Be5 Rfa8 25. a3 c4 26.
Rad1 Rb6 27. Re2 Raa6 28. g3 Rb3 29. Bd4 {Game drawn by mutual agreement}
1/2-1/2

[Event "ICC tourney 1994 (90 10)"]
[Site "Internet Chess Club"]
[Date "2020.09.06"]
[Round "4"]
[White "Kyle2007"]
[Black "kpthomas"]
[Result "0-1"]
[ICCResult "White resigns"]
[WhiteElo "1999"]
[BlackElo "2154"]
[Opening "Sicilian: Canal-Sokolsky attack, 3...Bd7"]
[ECO "B52"]
[NIC "SI.01"]
[Time "15:32:33"]
[TimeControl "5400+10"]

1. e4 c5 2. Nf3 d6 3. Bb5+ Bd7 4. Bxd7+ Nxd7 5. O-O Ngf6 6. Qe2 e6 7. b3 Be7
8. Bb2 O-O 9. c4 d5 10. cxd5 exd5 11. e5 Ne8 12. e6 Nb6 13. exf7+ Rxf7 14.
Ne5 Rf8 15. Qg4 Qd6 16. Nc4 dxc4 17. Qxg7+ Nxg7 {White resigns} 0-1

[Event "ICC tourney 1994 (90 10)"]
[Site "Internet Chess Club"]
[Date "2020.09.06"]
[Round "4"]
[White "WR3311"]
[Black "TanitoluwaA"]
[Result "1/2-1/2"]
[ICCResult "Game drawn by mutual agreement"]
[WhiteElo "1866"]
[BlackElo "2038"]
[Opening "English: Bremen system, Keres variation"]
[ECO "A23"]
[NIC "EO.12"]
[Time "15:32:33"]
[TimeControl "5400+10"]

1. c4 e5 2. Nc3 Nf6 3. g3 c6 4. Bg2 d5 5. cxd5 cxd5 6. d4 exd4 7. Qxd4 Nc6
8. Qd1 Be6 9. e3 Bc5 10. Nge2 O-O 11. O-O Re8 12. b3 Rc8 13. Bb2 Bg4 14. Qd2
Ne4 15. Nxe4 dxe4 16. Qxd8 Rcxd8 17. Nc3 f5 18. h3 Bh5 19. g4 Bg6 20. Rfd1
f4 21. Na4 Bd6 22. exf4 Bxf4 23. Nc3 Rd3 24. Bf1 Rf3 25. Bg2 Rd3 26. Bf1
Rdd8 27. Nd5 Bb8 28. Bc4 Bf7 29. Ne3 Bxc4 30. Nxc4 Nb4 31. Bc3 Nd3 32. Ne3
g6 33. Rab1 Rf8 34. Rd2 h6 35. Rbd1 Kh7 36. Nc4 Rf3 37. Re2 Rdf8 38. Rxe4
Nxf2 39. Rd7+ R3f7 40. Rxf7+ Rxf7 41. Re3 Nd1 42. Rd3 Nf2 43. Re3 Nd1 44.
Rd3 Nxc3 45. Rxc3 b5 46. Nd2 Be5 47. Rd3 Bf4 48. Ne4 Kg7 49. Kg2 Re7 50. Kf3
{Game drawn by mutual agreement}
1/2-1/2